 Dungeon Crawl Stone Soup version 0.23-a0-298-g1df1716405 (webtiles) character file.

2617 Rrauwl the Ducker (level 9, -1/74 HPs)
             Began as a Gnoll Monk on Oct 6, 2018.
             Was an Elder of Qazlal.
             Slain by a two-headed ogre
             ... wielding a +0 giant club
              (18 damage)
             ... on level 8 of the Dungeon.
             The game lasted 00:16:36 (5196 turns).

Rrauwl the Ducker (Gnoll Monk)                      Turns: 5196, Time: 00:16:37

Health: -1/74      AC: 11    Str: 18    XL:     9   Next: 60%
Magic:  24/24      EV: 16    Int: 12    God:    Qazlal [****..]
Gold:   14         SH: 11    Dex: 17    Spells: 13/16 levels left

rFire    + + .     SeeInvis .   a - +2 flail (crush)
rCold    + + .     Gourm    .   t - +0 buckler
rNeg     . . .     Faith    .   f - +1 ring mail {rF+}
rPois    .         Spirit   .   (no helmet)
rElec    +         Reflect  .   o - scarf {rC+ rF+}
rCorr    .         Harm     .   n - +0 pair of gloves
MR       .....                  A - +2 pair of boots of the Skies Above {+Fly rElec rC+}
Stlth    ++........             j - amulet of rage
HPRegen  0.22/turn              s - ring of magical power
MPRegen  0.19/turn              (no ring)

@: repel missiles
A: distributed training, fangs 1, talons 1, camouflage 1, blurry vision 1, wild
magic 1, strong nose
a: Upheaval, Elemental Force, Renounce Religion, Evoke Berserk Rage, Evoke
Flight


You were on level 8 of the Dungeon.
You worshipped Qazlal.
Qazlal was greatly pleased with you.
You were hungry.

You visited 2 branches of the dungeon, and saw 9 of its levels.

You collected 351 gold pieces.
You spent 337 gold pieces at shops.

Inventory:

Hand Weapons
 a - a +2 flail of crushing (weapon)
Armour
 f - a +1 ring mail of fire resistance (worn)
 n - a +0 pair of gloves (worn)
 o - a scarf of resistance (worn)
 t - a +0 buckler (worn)
 A - the +2 pair of boots of the Skies Above (worn) {+Fly rElec rC+}
   (You bought it in a shop on level 7 of the Dungeon)

   It protects you from cold.
   It insulates you from electricity.
   It lets you fly.
Jewellery
 b - an uncursed amulet of magic regeneration
 j - an amulet of rage (around neck)
 s - a ring of magical power (left hand)
Wands
 h - a wand of iceblast (11)
 m - a wand of paralysis (29)
 u - a wand of flame (17)
 x - a wand of disintegration (21)
Scrolls
 c - 4 scrolls of fear
 g - 7 scrolls of teleportation
 i - 6 scrolls of identify
 l - 6 scrolls of remove curse
 p - a scroll of immolation
 q - 2 scrolls of enchant armour
 v - 3 scrolls of amnesia
 y - a scroll of blinking
Potions
 k - 6 potions of curing
 r - a potion of might
 w - a potion of flight
Comestibles
 e - 14 rations


   Skills:
 + Level 7.9 Fighting
 + Level 4.3 Short Blades
 + Level 4.3 Long Blades
 + Level 4.3 Axes
 + Level 7.9 Maces & Flails
 + Level 4.3 Polearms
 + Level 4.3 Staves
 + Level 4.3 Slings
 + Level 4.3 Bows
 + Level 4.3 Crossbows
 + Level 4.3 Throwing
 + Level 4.3 Armour
 + Level 7.9 Dodging
 + Level 6.1 Stealth
 + Level 4.3 Shields
 + Level 4.3 Unarmed Combat
 + Level 4.3 Spellcasting
 + Level 3.5 Conjurations
 + Level 3.5 Hexes
 + Level 3.5 Charms
 + Level 3.5 Summonings
 + Level 3.5 Necromancy
 + Level 3.5 Translocations
 + Level 3.5 Transmutations
 + Level 3.5 Fire Magic
 + Level 3.5 Ice Magic
 + Level 3.5 Air Magic
 + Level 3.5 Earth Magic
 + Level 3.5 Poison Magic
 + Level 4.7 Invocations
 + Level 4.3 Evocations


You had 13 spell levels left.
You knew the following spells:

 Your Spells              Type           Power        Failure   Level  Hunger
a - Blink                 Tloc           N/A          19%         2    ##.....
b - Apportation           Tloc           ##....       13%         1    None

Your spell library contained the following spells:

 Spells                   Type           Power        Failure   Level  Hunger
 Animate Skeleton         Necr           N/A          13%         1    None
 Confusing Touch          Hex            ##....       13%         1    None
 Freeze                   Ice            ##..         13%         1    None
 Magic Dart               Conj           ##..         13%         1    None
 Summon Small Mammal      Summ           ##..         13%         1    None
 Call Imp                 Summ           ##......     19%         2    ##.....
 Slow                     Hex            ##......     19%         2    ##.....
 Throw Frost              Conj/Ice       ##....       19%         2    ##.....
 Conjure Flame            Conj/Fire      ##......     34%         3    ###....
 Mephitic Cloud           Conj/Pois/Air  ##......     34%         3    ###....
 Ozocubu's Armour         Chrm/Ice       ##......     34%         3    ###....
 Summon Ice Beast         Ice/Summ       ##......     71%         4    ####...
 Throw Icicle             Conj/Ice       ##......     71%         4    ####...


Dungeon Overview and Level Annotations

Branches:
Dungeon (8/15)             Temple (1/1) D:7
   Lair: D:8-11

Altars:
Ashenzari
Cheibriados
Elyvilon
Fedhas
Gozag
Hepliaklqana
Kikubaaqudgha
Makhleb
Nemelex Xobeh
Okawaru
Qazlal
Ru
Sif Muna
Trog
Uskayaw
Vehumet
Wu Jian
Xom
Yredelemnul
Zin
The Shining One

Shops:
D:7 *


Innate Abilities, Weirdness & Mutations

Your experience applies equally to all skills.
You have very sharp teeth.
Your uncanny sense of smell can sniff out nearby items.
You have sharp toenails.
Your skin changes colour to match your surroundings (Stealth+).
Scrolls take you a little longer to read.
Your spells are a little harder to cast, but a little more powerful.


Message History

The two-headed ogre closely misses you.
Unknown command.
You hit the two-headed ogre.
The two-headed ogre is heavily wounded.
You hear a shout! x2
The two-headed ogre hits you with a giant club!
* * * LOW HITPOINT WARNING * * *
The two-headed ogre completely misses you.
You hear an angry hiss.
Unknown command.
Okay, then.
Evoke which item? (* to show all) (? for menu, Esc to quit)
Aiming: Disintegrate
Press: ? - help, Shift-Dir - straight line, f - two-headed ogre
Aim: a two-headed ogre, wielding two giant clubs (heavily wounded, chance to The two-headed ogre is blasted.
You hear a shout!
The two-headed ogre hits you but does no damage.
The two-headed ogre hits you with a giant club!!
You die...

###############
#.............#
#.###########.#
#.#......####.#
##.#....#(#.<#.#######
#..#.##.#.##@#.......#
#.##a####.##O#..####.#
#..hKhKK(.##y#...#
#..#.###.(##K##..#
#..#.# #...hOO#..#
......Kyy...KK..>.#
.......########.##.#
####....# #.# ##
...... #..


You could see 2 two-headed ogres, a big kobold, an ogre, a hound, a killer bee
and 2 kobolds.

Vanquished Creatures
  Sigmund (D:5)
  A hungry ghost (D:7)
  Duvessa (D:4)
  A water moccasin (D:6)
  An orc warrior (D:6)
  An ice beast (D:6)
  2 ogres
  A phantom (D:6)
  3 centaurs
  4 bullfrogs
  3 scorpions
  Dowan (D:4)
  2 killer bees (D:8)
  A howler monkey (D:4)
  An electric eel (D:6)
  2 crimson imps
  3 hounds
  5 orc priests
  5 orc wizards
  Jessica (D:2)
  Ijyb (D:4)
  An iguana (D:4)
  A worker ant (D:6)
  A killer bee zombie (D:7)
  A worker ant zombie (D:7)
  3 gnolls
  10 adders
  2 oozes
  An adder zombie (D:6)
  A worm (D:3)
  2 dart slugs
  2 leopard geckos
  22 orcs
  5 ball pythons
  6 bats
  7 giant cockroaches
  11 goblins
  8 hobgoblins
  15 jackals
  10 kobolds
  5 quokkas
  4 frilled lizards
  A jackal skeleton (D:4)
  A leopard gecko skeleton (D:7)
  8 rats
169 creatures vanquished.

Notes
Turn   | Place    | Note
-------+----------+-------------------------------------------
     0 | D:1      | Rrauwl the Gnoll Monk began the quest for the Orb.
     0 | D:1      | Reached XP level 1. HP: 23/23 MP: 1/1
    41 | D:1      | Reached XP level 2. HP: 27/29 MP: 2/2
   206 | D:1      | Reached XP level 3. HP: 35/35 MP: 3/3
   457 | D:2      | Noticed Jessica
   465 | D:2      | Killed Jessica
   465 | D:2      | Reached skill level 1 in Short Blades
   465 | D:2      | Reached skill level 1 in Long Blades
   465 | D:2      | Reached skill level 1 in Axes
   465 | D:2      | Reached skill level 1 in Polearms
   465 | D:2      | Reached skill level 1 in Staves
   465 | D:2      | Reached skill level 1 in Slings
   465 | D:2      | Reached skill level 1 in Bows
   465 | D:2      | Reached skill level 1 in Crossbows
   465 | D:2      | Reached skill level 1 in Throwing
   465 | D:2      | Reached skill level 1 in Armour
   465 | D:2      | Reached skill level 1 in Shields
   465 | D:2      | Reached skill level 1 in Unarmed Combat
   465 | D:2      | Reached skill level 1 in Spellcasting
   465 | D:2      | Reached skill level 1 in Invocations
   465 | D:2      | Reached skill level 1 in Evocations
   465 | D:2      | Reached XP level 4. HP: 41/41 MP: 5/5
   571 | D:2      | Found a blossoming altar of Fedhas.
   595 | D:2      | Found a stormy altar of Qazlal.
   642 | D:2      | Became a worshipper of Qazlal Stormbringer
   642 | D:2      | Reached * piety under Qazlal
   642 | D:2      | Reached ** piety under Qazlal
   921 | D:2      | Found an ornate altar of the Wu Jian Council.
   982 | D:3      | Noticed a centaur
   992 | D:3      | Killed a centaur
   992 | D:3      | Reached skill level 1 in Conjurations
   992 | D:3      | Reached skill level 1 in Hexes
   992 | D:3      | Reached skill level 1 in Charms
   992 | D:3      | Reached skill level 1 in Summonings
   992 | D:3      | Reached skill level 1 in Necromancy
   992 | D:3      | Reached skill level 1 in Translocations
   992 | D:3      | Reached skill level 1 in Transmutations
   992 | D:3      | Reached skill level 1 in Fire Magic
   992 | D:3      | Reached skill level 1 in Ice Magic
   992 | D:3      | Reached skill level 1 in Air Magic
   992 | D:3      | Reached skill level 1 in Earth Magic
   992 | D:3      | Reached skill level 1 in Poison Magic
   992 | D:3      | Reached XP level 5. HP: 44/47 MP: 5/7
  1387 | D:3      | Learned a level 2 spell: Blink
  1713 | D:4      | Found a shimmering altar of Xom.
  1716 | D:4      | Found a deep blue altar of Sif Muna.
  1723 | D:4      | Reached XP level 6. HP: 25/53 MP: 8/8
  1974 | D:4      | Reached *** piety under Qazlal
  2035 | D:4      | Noticed Ijyb
  2044 | D:4      | Killed Ijyb
  2153 | D:4      | Noticed Dowan
  2156 | D:4      | Noticed Duvessa
  2161 | D:4      | Killed Dowan
  2161 | D:4      | Reached XP level 7. HP: 59/59 MP: 10/10
  2169 | D:4      | Killed Duvessa
  2246 | D:4      | Learned a level 1 spell: Apportation
  2440 | D:4      | Found a glowing silver altar of Zin.
  2509 | D:4      | Reached skill level 5 in Stealth
  2740 | D:5      | Entered Level 5 of the Dungeon
  2821 | D:5      | Noticed Sigmund
  2829 | D:5      | Killed Sigmund
  2829 | D:5      | Reached XP level 8. HP: 67/67 MP: 10/12
  2860 | D:5      | Found a bloodstained altar of Trog.
  2988 | D:5      | Found an ancient bone altar of Kikubaaqudgha.
  3111 | D:5      | Gained mutation: Your skin changes colour to match your
                  | surroundings (Stealth+). [potion of mutation]
  3111 | D:5      | Gained mutation: Your spells are a little harder to cast,
                  | but a little more powerful. [potion of mutation]
  3111 | D:5      | Gained mutation: Scrolls take you a little longer to read.
                  | [potion of mutation]
  3111 | D:5      | Gained mutation: You have sharp toenails. [potion of
                  | mutation]
  3138 | D:5      | Reached **** piety under Qazlal
  3203 | D:5      | Found a white marble altar of Elyvilon.
  3203 | D:5      | Found a hazy altar of Hepliaklqana.
  3204 | D:5      | Found a hide-covered altar of Uskayaw.
  3728 | D:6      | Found a deep blue altar of Sif Muna.
  4018 | D:6      | Reached XP level 9. HP: 72/72 MP: 14/14
  4298 | D:7      | Found a staircase to the Ecumenical Temple.
  4311 | Temple   | Entered the Ecumenical Temple
  4796 | D:7      | Found Bepo Hui's Assorted Antiques.
  4804 | D:7      | Bought a pair of warped boots for 237 gold pieces
  4804 | D:7      | Bought a wand of iceblast (5) for 100 gold pieces
  4814 | D:7      | Identified the +2 pair of boots of the Skies Above {+Fly
                  | rElec rC+} (You bought it in a shop on level 7 of the
                  | Dungeon)
  5179 | D:8      | Noticed a two-headed ogre
  5189 | D:8      | Noticed a two-headed ogre
  5196 | D:8      | Slain by a two-headed ogre

Vault maps used:
D:1:      saegor_arrival_under_anarchy, hangedman_decor_push
D:2:      grunt_temple_overflow_forces_of_nature, lemuel_coloured_pillars_altar,
          uniq_jessica
D:3:      minmay_goblin_outpost
D:4:      grunt_temple_overflow_open, kennysheep_little_box, first_ration,
          uniq_ijyb, uniq_duvessa
D:5:      nicolae_overflow_crystal_walls, kennysheep_mini_moat,
          gammafunk_temple_overflow_claw, uniq_sigmund
D:6:      nrook_pool_corridor, led_sif_book
D:7:      minmay_temple_entry_nine_rooms, serial_shops, shop
D:8:      uniq_pikel
Temple:   eino_temple_lava

Skill      XL: |  1  2  3  4  5  6  7  8  9 |
---------------+----------------------------+-----
Short Blades   | 1 2 3 4 |  4.3
Long Blades    | 1 2 3 4 |  4.3
Axes           | 1 2 3 4 |  4.3
Polearms       | 1 2 3 4 |  4.3
Staves         | 1 2 3 4 |  4.3
Slings         | 1 2 3 4 |  4.3
Bows           | 1 2 3 4 |  4.3
Crossbows      | 1 2 3 4 |  4.3
Throwing       | 1 2 3 4 |  4.3
Armour         | 1 2 3 4 |  4.3
Shields        | 1 2 3 4 |  4.3
Unarmed Combat | 1 2 3 4 |  4.3
Spellcasting   | 1 2 3 4 |  4.3
Invocations    | 1 2 3 4 |  4.7
Evocations     | 1 2 3 4 |  4.3
Conjurations   | 1 2 3 |  3.5
Hexes          | 1 2 3 |  3.5
Charms         | 1 2 3 |  3.5
Summonings     | 1 2 3 |  3.5
Necromancy     | 1 2 3 |  3.5
Translocations | 1 2 3 |  3.5
Transmutations | 1 2 3 |  3.5
Fire Magic     | 1 2 3 |  3.5
Ice Magic      | 1 2 3 |  3.5
Air Magic      | 1 2 3 |  3.5
Earth Magic    | 1 2 3 |  3.5
Poison Magic   | 1 2 3 |  3.5
Fighting       | 7 |  7.9
Maces & Flails | 7 |  7.9
Dodging        | 7 |  7.9
Stealth        | 5 6 |  6.1

Action                   |  1- 3 |  4- 6 |  7- 9 || total
-------------------------+-------+-------+-------++-------
Melee: Mace              |    64 |    12 |       ||    76
       Bite              |     9 |    21 |    40 ||    70
       Dagger            |       |   132 |       ||   132
       Punch             |       |     2 |     1 ||     3
       Flail             |       |    49 |   249 ||   298
       Kick              |       |       |    47 ||    47
Evoke: Wand              |       |       |     8 ||     8
  Use: Scroll            |     6 |     2 |     2 ||    10
       Potion            |     2 |     3 |     5 ||    10
 Stab: Sleeping          |     5 |     1 |       ||     6
       Paralysed         |       |       |     8 ||     8
  Eat: Chunk             |       |     4 |     7 ||    11
       Ration            |       |       |     1 ||     1
Armor: Robe              |     7 |     4 |       ||    11
       Ring mail         |       |    45 |    57 ||   102
Dodge: Dodged            |    48 |   122 |   127 ||   297
       Deflected         |       |       |     4 ||     4
Block: Other             |       |    11 |     8 ||    19
       Buckler           |       |       |    77 ||    77

Table legend:
 A = Non-vault XP
 B = Vault XP
 C = Vault XP percentage of total XP
 D = Non-vault monster count
 E = Vault monster count
 F = Vault count percentage of total count
                 A         B        C        D         E       F
            +---------+---------+-------+---------+---------+-------
      Total |    3155 |     584 |  15.6 |     157 |      12 |   7.1
            +---------+---------+-------+---------+---------+-------
        D:1 |      42 |       0 |   0.0 |      24 |       0 |   0.0
        D:2 |      50 |      37 |  42.5 |      16 |       1 |   5.9
        D:3 |     206 |      10 |   4.6 |      29 |       5 |  14.7
        D:4 |     409 |     249 |  37.8 |      32 |       3 |   8.6
        D:5 |      84 |     208 |  71.2 |       7 |       1 |  12.5
        D:6 |    1155 |      80 |   6.5 |      23 |       2 |   8.0
        D:7 |     988 |       0 |   0.0 |      20 |       0 |   0.0
        D:8 |     221 |       0 |   0.0 |       6 |       0 |   0.0
            +---------+---------+-------+---------+---------+-------
